 Dungeon Crawl Stone Soup version 0.31-a0-496-g6f97920a28 (webtiles) character file.

Game seed: 13900345609453736616

54 kae the Changeling (level 3, 0/24 (28) HPs)
             Began as a Draconian Shapeshifter on Aug 8, 2023.
             Slain by a gnoll
             ... wielding a +2 flail of draining
              (1 damage)
             ... on level 2 of the Dungeon.
             The game lasted 00:00:54 (1576 turns).

kae the Changeling (Draconian Shapeshifter)         Turns: 1576, Time: 00:00:55

HP:   0/24 (28)     AC:  5    Str: 17    XL:     3   Next: 66%
MP:   3/3           EV: 12    Int:  8    God:
Gold: 67            SH:  0    Dex: 13    Spells: 2/2 levels left

rFire   . .          .
                       - Unarmed
rCold   . . .        (no shield)
rNeg    . . .        (body armour unavailable)
rPois   .            (helmet currently unavailable)
rElec   .            (cloak currently unavailable)
rCorr   .            (gloves currently unavailable)
SInv    .            (boots currently unavailable)
Will    .....        (no amulet)
Stlth   +            (no ring)
HPRegen 0.24/turn    (no ring)
MPRegen 0.08/turn

%: no passive effects
@: beast-form, heavily drained
A: beast (slay +2), AC +5, unfitting armour, cold-blooded
a: Begin Untransformation


You were on level 2 of the Dungeon.
You were a hulking beast.
You visited 1 branch of the dungeon, and saw 2 of its levels.

You collected 67 gold pieces.


Innate Abilities, Weirdness & Mutations

You are a hulking beast.
Your limbs bulge with bestial killing power. (Slay +2)
Your plain brown scales are hard. (AC +5)
You cannot fit into any form of body armour.
You are cold-blooded and may be slowed by cold attacks.


   Skills:
 - Level 1.1 Fighting
 - Level 1.7 Dodging
 + Level 3.6 Unarmed Combat
 * Level 3.8 Shapeshifting


You had 2 spell levels left.
You didn't know any spells.
Your spell library contained the following spells:

 Spells                   Type           Power      Damage    Failure   Level
 Magic Dart               Conj           0%         1d3       41%         1
 Sandblast                Erth           0%         2d4       41%         1
 Call Imp                 Summ           0%         N/A       54%         2
 Passwall                 Tmut/Erth      0%         N/A       54%         2
 Mephitic Cloud           Conj/Pois/Air  0%         N/A       78%         3
 Stone Arrow              Conj/Erth      0%         3d7       78%         3

Inventory:

Missiles
 e - 20 stones
 n - 5 atropa-tipped darts
Talismans
 b - a beast talisman (active)
 c - a flux talisman
Scrolls
 d - a scroll of torment {unknown}
 f - 2 scrolls of teleportation {@r4}
 g - a scroll of revelation
 l - a scroll of fog
Potions
 a - a potion of lignification {!q}
 h - 2 potions of attraction {unknown}
 i - a potion of degeneration {!q}
 j - 3 potions of curing {@q1}
 k - a potion of heal wounds {unknown}
 m - a potion of haste {unknown}
 o - 2 potions of magic {unknown}

Dungeon Overview and Level Annotations

Branches:
Dungeon (2/15) Zot: 10427

Altars:

Shops:
D:1

(
..########.#P.#.#####...#
..###### #.# ##.#.....#)#
.......# #.# #.#.#####.#
#.####.# #.# #.#.....#.#
..##.#.###.# #.#...###.#
...#.#.##..# #.........#
.....#.##.#####..####...##
..##.#.##.......##)[##...#
.....#'##.#####.hg..(#.#.#
.#........##....#l...#.#.#
.####.....#..#####.(##.#.#
..........#.## +##).#.##
.###......#.# ###...#
...#........## ### ##..#
.#.#.##+#....###.# #..#
...#.##.#.##.....# #.##
####.##.#.######.# #.#


You could see a gnoll and a frilled lizard.


Message History

Key pressed, stopping explore.
There is an open door here.
There is an open door here.
n - 5 atropa-tipped darts Key pressed, stopping explore.
No target in view!
No target in view!
Key pressed, stopping explore.
No target in view!
No target in view!
There is an open door here.
There is an open door here.
A goblin comes into view. It is wielding a +0 dagger.
A goblin is nearby!
A goblin is nearby!
A goblin is nearby!
The goblin shouts!
The goblin unwields a +0 dagger.
The goblin wields a +0 sling.
The goblin shoots a sling bullet.
The sling bullet hits you.
The goblin shoots a sling bullet.
The sling bullet misses you. 😕 HP[-5]
You take 5 damage, and now have 23/28 hp.
A goblin is nearby!
The goblin unwields a +0 sling.
The goblin wields a +0 dagger.
The goblin closely misses you.
You barely miss the goblin.
A goblin is nearby!
You hit the goblin.
You kill the goblin!
No target in view!
Key pressed, stopping explore.
No target in view!
No target in view! 😎 HP[+5]
Your hp is fully restored (28).
Key pressed, stopping explore.
No target in view!
No target in view!
You now have 67 gold pieces (gained 4).
As you open the door, it creaks loudly!
A dart slug, an adder, a gnoll and a frilled lizard come into view.
The gnoll is wielding a +2 flail of draining.
The adder hisses angrily.
The gnoll shouts!
The frilled lizard hisses angrily.
The dart slug launches a dart at you. The slug dart hits you.
The dart slug bites you but does no damage.
The frilled lizard closely misses you.
There is an open door here.
You hit the dart slug. You tail-slap the dart slug.
You kill the dart slug!
The frilled lizard closely misses you.
The adder bites you but does no damage. 😕 HP[-5]
You take 5 damage, and now have 23/28 hp.
There are monsters nearby!
You hit the adder. The adder bites you but does no damage.
The frilled lizard closely misses you.
You hit the adder. The adder closely misses you.
The frilled lizard bites you but does no damage. 😕 HP[+1]
There are monsters nearby!
You hit the adder but do no damage.
Your tail-slap misses the adder.
The adder barely misses you. The frilled lizard misses you.
You hit the adder. You punch the adder.
You kill the adder!
The frilled lizard closely misses you.
There are monsters nearby!
You hit the gnoll. You barely miss the gnoll. The gnoll closely misses you.
The frilled lizard misses you. 😕 HP[+1] Unknown command.
You barely miss the gnoll. You tail-slap the gnoll.
The gnoll hits you with a +2 flail of draining.
You feel drained. The frilled lizard bites you.
You barely miss the gnoll.
The gnoll hits you with a +2 flail of draining.
You feel drained.
* * * LOW HITPOINT WARNING * * *
The frilled lizard barely misses you. 😨 HP[-12]
You now have 26 max hp (-2).
You take 12 damage, and now have 13/26 hp.
MASSIVE DAMAGE!! (PAUSE)
You barely miss the gnoll.
The gnoll hits you with a +2 flail of draining.
* * * LOW HITPOINT WARNING * * *
You feel drained.
* * * LOW HITPOINT WARNING * * *
The frilled lizard barely misses you.
Unknown command. 😱 HP[-9]
You now have 25 max hp (-1).
You take 9 damage, and now have 4/25 hp.
MASSIVE DAMAGE!! (PAUSE)
You hit the gnoll.
The gnoll hits you with a +2 flail of draining.
* * * LOW HITPOINT WARNING * * *
You feel drained.
You die...

Action                     || total
---------------------------++-------
  Melee: Unarmed           ||    75
         Punch             ||     2
         Tailslap          ||     5
    Use: Scroll            ||     7
   Stab: Sleeping          ||     1
 Armour: Skin              ||    20
  Dodge: Dodged            ||    50

Levels and vault maps discovered:
D:1:      dpeg_arrival_solitude, layout_basic, serial_shops,
          nicolae_shop_bloodbath_and_beyond, lemuel_flame_loot_1
D:2:      layout_basic, dreamdust_ecumenical_altar_angels_and_demons,
          serial_aquarium, aquarium_bridge_island_small
          [aquarium_subvault_small_open, aquarium_subvault_window,
          aquarium_subvault_window, aquarium_subvault_wall,
          aquarium_subvault_bridge], aquarium_window_2, aquarium_window_1,
          aquarium_window_1, aquarium_window_1, aquarium_view_2b,
          aquarium_view_2f, aquarium_balcony_double_1, hex_medium,
          dk_vineyard_2, minmay_joined_circles

Notes
Turn   | Place    | Note
-------+----------+-------------------------------------------
     0 | D:1      | kae the Draconian Shapeshifter began the quest for the Orb.
     0 | D:1      | Reached XP level 1. HP: 16/16 MP: 1/1
     0 | D:1      | magus.rc [v1.11.3]
     6 | D:1      | Found Kynudd's Weapon Emporium.
    95 | D:1      | Reached XP level 2. HP: 22/23 MP: 2/2
   104 | D:1      | You fall into a shaft and drop 1 floor!
   119 | D:2      | You pick up a book of Geomancy and begin reading...
   119 | D:2      | You add the spells Sandblast, Passwall and Stone Arrow to
                  | your library.
   137 | D:2      | You pick up a book of Minor Magic and begin reading...
   137 | D:2      | You add the spells Magic Dart, Call Imp and Mephitic Cloud
                  | to your library.
   144 | D:2      | Found a faded altar of an unknown god.
   757 | D:1      | Reached XP level 3. HP: 28/28 MP: 3/3
  1008 | D:1      | HP: 7/28 [something (21)]
  1575 | D:2      | HP: 4/25 [gnoll/+2 flail of draining (3)]
  1576 | D:2      | HP: 1/25 [gnoll/+2 flail of draining (3)]
  1576 | D:2      | Slain by a gnoll

Vanquished Creatures
  An adder (D:2)
  3 dart slugs
  An orc (D:2)
  2 ball pythons
  2 bats
  4 endoplasms (D:1)
  A giant cockroach (D:2)
  2 goblins
  5 hobgoblins
  2 kobolds
  4 quokkas (D:1)
  5 frilled lizards (D:1)
  A rat (D:2)
33 creatures vanquished.

Vanquished Creatures (others)
  A giant cockroach (D:1)
  A rat (D:1)
2 creatures vanquished.

Grand Total: 35 creatures vanquished

Table legend:
 A = Non-vault XP
 B = Vault XP
 C = Vault XP percentage of total XP
 D = Non-vault monster count
 E = Vault monster count
 F = Vault count percentage of total count
                 A         B        C        D         E       F
            +---------+---------+-------+---------+---------+-------
      Total |      60 |      18 |  23.1 |      31 |       2 |   6.1
            +---------+---------+-------+---------+---------+-------
        D:1 |      44 |       0 |   0.0 |      23 |       0 |   0.0
        D:2 |      16 |      18 |  52.9 |       8 |       2 |  20.0
            +---------+---------+-------+---------+---------+-------

Action                     || total
---------------------------++-------
  Melee: Unarmed           ||    75
         Punch             ||     2
         Tailslap          ||     5
    Use: Scroll            ||     7
   Stab: Sleeping          ||     1
 Armour: Skin              ||    20
  Dodge: Dodged            ||    50

Illustrated notes

Table legend:
 A = Kills in this place as a percentage of kills in the entire game.
 B = Kills by you in this place as a percentage of kills by you in the entire game.
 C = Kills by friends in this place as a percentage of kills by friends in the entire game.
 D = Other kills in this place as a percentage of other kills in the entire game.
 E = Experience gained in this place as a percentage of experience gained in the entire game.
 F = Experience gained in this place divided by the number of levels of this place that you have seen.
                   A       B       C       D       E      F
               +-------+-------+-------+-------+-------+----------------------
         Total | 100.0 | 100.0 |   N/A |   N/A | 100.0 |  39.0
       Dungeon | 100.0 | 100.0 |   N/A |   N/A | 100.0 |  39.0
               +-------+-------+-------+-------+-------+----------------------

Table legend: (Time is in decaauts)
 A = Elapsed time spent in this place.
 B = Non-inter-level travel time spent in this place.
 C = Inter-level travel time spent in this place.
 D = Time resting spent in this place.
 E = Time spent auto-exploring this place.
 F = Levels seen in this place.
 G = Mean time per level.
                   A        B        C        D        E       F      G
               +--------+--------+--------+--------+--------+-----+--------+
         Total |   1572 |   1556 |     16 |     67 |   1290 |   2 |  786.0 |
       Dungeon |   1572 |   1556 |     16 |     67 |   1290 |   2 |  786.0 |
               +--------+--------+--------+--------+--------+-----+--------+

Top non-repeatable levels by time:
     D:2: 901 daAuts
     D:1: 670 daAuts
